 Dungeon Crawl Stone Soup version 0.30-a0-335-ge5acde7520 (webtiles) character file.

Game seed: 14396802139406675486

240292 Ge0ff the Alchemist (level 18, -3/91 HPs)
             Began as a Spriggan Delver on Oct 29, 2022.
             Was the Champion of Fedhas.
             Shot with an arrow by a deep elf archer (23 damage)
             ... on level 2 of the Elven Halls on Oct 30, 2022.
             The game lasted 02:32:56 (53547 turns).

Ge0ff the Alchemist (Spriggan Delver)              Turns: 53547, Time: 02:32:56

Health: -3/91      AC:  7    Str:  5    XL:     18   Next: 61%
Magic:  34/45      EV: 24    Int: 21    God:    Fedhas [******]
Gold:   1960       SH: 11    Dex: 18    Spells: 6/43 levels left

rFire   + . .      SeeInvis +    a - +9 rapier (vamp)
rCold   + . .      Faith    .    x - +3 buckler {reflect}
rNeg    + + .      Spirit   .    p - +1 robe {rC+}
rPois   +          Reflect  +    k - +1 hat "Ywaivata" {Str+3}
rElec   .          Harm     .    Q - +2 cloak
rCorr   +          Rampage  .    (gloves unavailable)
Will    ++++.                    (boots unavailable)
Stlth   ++++++....               A - macabre finger necklace {rN+}
HPRegen 0.35/turn                S - ring of Rerruc {rF+ Will+ Slay+3 SInv, =R}
MPRegen 0.29/turn                Z - ring "Miuco Omosch" {MP+9 Slay+3}
                                 h - ring "Reyss" {rPois rN+ rCorr Str-5 SInv}

@: studying Shields, very quick
A: very small, no large weapons, unfitting armour, see invisible, speed 3,
hooves 1, clever 1
}: 2/15 runes: decaying, gossamer
a: Renounce Religion, Wall of Briars, Grow Ballistomycete, Overgrow, Grow Oklob


You were on level 2 of the Elven Halls.
You worshipped Fedhas.
Fedhas was exalted by your worship.
You visited 6 branches of the dungeon, and saw 32 of its levels.
You also visited: Bailey and Gauntlet.

You collected 3678 gold pieces.
You spent 1718 gold pieces at shops.

Inventory:

Hand Weapons
 a - a +9 vampiric rapier (weapon)
Missiles
 g - a throwing net {=F}
 i - 3 boomerangs
 v - 3 curare-tipped darts {=F}
 G - 5 atropa-tipped darts
Armour
 k - the +1 hat "Ywaivata" (worn) {Str+3}
   (You found it on level 4 of the Spider Nest)

   Str:       It affects your strength (+3).
 p - a +1 robe of cold resistance (worn)
 x - a +3 buckler of reflection (worn)
 L - a scarf of invisibility
 Q - a +2 cloak (worn)
Jewellery
 b - the amulet "Ubud Fay" {Faith Int+4 Dex+2}
   (You found it on level 4 of the Swamp)

   [amulet of faith]

   It allows you to gain divine favour quickly.
   Int:       It affects your intelligence (+4).
   Dex:       It affects your dexterity (+2).
 h - the ring "Reyss" (on amulet) {rPois rN+ rCorr Str-5 SInv}
   (You found it in a Gauntlet)

   [ring of positive energy]

   Str:       It affects your strength (-5).
   rPois:     It protects you from poison.
   rN:        It protects you from negative energy.
   SInv:      It lets you see invisible.
   rCorr:     It protects you from acid and corrosion.
 w - an amulet of regeneration
 A - the macabre finger necklace (around neck) {rN+}
   (You found it on level 10 of the Dungeon)

   [amulet of nothing]

   It enables you to equip an extra ring.
   rN:        It protects you from negative energy.
 S - the ring of Rerruc (left hand) {rF+ Will+ Slay+3 SInv, =R}
   (You found it on level 9 of the Dungeon)

   [ring of see invisible]

   Slay:      It affects your accuracy & damage with ranged weapons and melee
   (+3).
   rF:        It protects you from fire.
   SInv:      It lets you see invisible.
   Will:      It increases your willpower.
 Y - an amulet of guardian spirit
 Z - the ring "Miuco Omosch" (right hand) {MP+9 Slay+3}
   (You acquired it on level 5 of the Dungeon)

   [ring of magical power]

   Slay:      It affects your accuracy & damage with ranged weapons and melee
   (+3).
   MP:        It affects your magic capacity (+9).
Wands
 d - a wand of digging (1)
 e - a wand of charming (30)
 f - a wand of flame (41)
 j - a wand of acid (24)
 r - a wand of roots (40)
 s - a wand of mindburst (34)
 P - a wand of polymorph (12)
Scrolls
 m - 3 scrolls of magic mapping
 y - 6 scrolls of immolation
 B - 2 scrolls of blinking
 C - 3 scrolls of poison
 D - a scroll of enchant armour
 E - a scroll of fear
 F - 6 scrolls of fog
 J - 3 scrolls of silence {!r}
 T - 15 scrolls of teleportation
 V - 6 scrolls of vulnerability
Potions
 o - 6 potions of ambrosia
 q - 8 potions of curing
 u - 13 potions of mutation {!q}
 z - 10 potions of brilliance
 H - 5 potions of haste {!q}
 I - 4 potions of invisibility
 K - 4 potions of magic {!q}
 M - 5 potions of might
 N - 3 potions of cancellation {!q}
 R - 9 potions of resistance
 W - 6 potions of heal wounds {!q}
 X - 5 potions of flight
Miscellaneous
 c - a condenser vane (inert)
 l - a lightning rod (3/4)
 n - a phial of floods
 t - a tin of tremorstones (inert)
 O - a box of beasts
 U - a phantom mirror


   Skills:
 + Level 8.5 Fighting
 + Level 11.5 Short Blades
 - Level 3.0 Staves
 - Level 6.0 Throwing
 + Level 5.3 Armour
 + Level 11.4 Dodging
 + Level 13.4 Stealth
 + Level 7.1 Shields
 + Level 13.1 Spellcasting
 * Level 9.4 Conjurations
 + Level 10.2 Hexes
 + Level 9.3 Translocations
 - Level 15.0 Transmutations
 - Level 5.0 Ice Magic
 - Level 10.0 Earth Magic
 + Level 8.3 Invocations
 + Level 9.0 Evocations


You had 6 spell levels left.
You knew the following spells:

 Your Spells              Type           Power      Damage    Failure   Level
c - Blink                 Tloc           100%       N/A       1%          2
d - Iskenderun's Mystic   Conj/Tloc      52%        2d11      1%          4
g - Apportation           Tloc           100%       N/A       1%          1
k - Ensorcelled Hibernat  Hex/Ice        90%        N/A       1%          2
m - Stone Arrow           Conj/Erth      100%       3d13      1%          3
p - Fulminant Prism       Conj/Hex       26%        3d14      1%          4
s - Dazzling Flash        Conj/Hex       100%       N/A       1%          3
w - Passwall              Tmut/Erth      50%        N/A       1%          2
x - Enfeeble              Hex            27%        N/A       71%         7
C - Petrify               Tmut/Erth      60%        N/A       1%          4
E - Irradiate             Conj/Tmut      30%        3d21      1%          5

Your spell library contained the following spells:

 Spells                   Type           Power      Damage    Failure   Level
 Freeze                   Ice            100%       1d10      1%          1
 Magic Dart               Conj           100%       1d8       1%          1
 Momentum Strike          Conj/Tloc      100%       3d10      1%          2
 Searing Ray              Conj           100%       2d8       1%          2
 Wereblood                Tmut           67%        N/A       1%          2
 Hailstorm                Conj/Ice       44%        3d10      1%          3
 Lesser Beckoning         Tloc           100%       N/A       1%          3
 Portal Projectile        Hex/Tloc       100%       N/A       1%          3
 Spider Form              Tmut/Pois      45%        N/A       1%          3
 Manifold Assault         Tloc           52%        N/A       1%          4
 Frozen Ramparts          Ice            68%        1d11      3%          3
 Summon Guardian Golem    Hex/Summ       35%        N/A       3%          3
 Necrotise                Necr           52%        1d6       9%          1
 Anguish                  Hex/Necr       17%        N/A       11%         4
 Animate Armour           Summ/Erth      68%        N/A       11%         4
 Alistair's Intoxication  Tmut/Pois      30%        N/A       11%         5
 Sublimation of Blood     Necr           13%        N/A       13%         2
 Swiftness                Air            13%        N/A       26%         3
 Vampiric Draining        Necr           13%        2d6       26%         3
 Silence                  Hex/Air        17%        N/A       28%         5
 Borgnjor's Vile Clutch   Necr/Erth      17%        N/A       30%         5
 Lightning Bolt           Conj/Air       16%        1d30      32%         5
 Airstrike                Air            6%         2d(1-17)  63%         4
 Animate Dead             Necr           13%        N/A       63%         4
 Olgreb's Toxic Radiance  Pois           13%        N/A       63%         4
 Summon Lightning Spire   Summ/Air       13%        N/A       63%         4
 Starburst                Conj/Fire      16%        6d6       88%         6
 Agony                    Necr           13%        N/A       93%         5
 Death Channel            Necr           6%         N/A       100%        6
 Storm Form               Tmut/Air       22%        N/A       97%         7
 Ozocubu's Refrigeration  Ice            17%        4d11      100%        7
 Summon Hydra             Summ           6%         N/A       100%        7
 Ignition                 Fire           6%         3d4       100%        8
 Infestation              Necr           6%         N/A       100%        8
 Lehudib's Crystal Spear  Conj/Erth      26%        10d7      100%        8


Dungeon Overview and Level Annotations

Branches:
Dungeon (15/15) Zot: 25237  Temple (0/1) D:6            Lair (5/5) D:11 Zot: 21817
  Swamp (4/4) Lair:3 Zot: 18050  Spider (4/4) Lair:3 Zot: 17579   Slime (0/5) Lair:5
    Orc (2/2) D:12 Zot: 9898     Elf (2/3) Orc:2 Zot: 10420  Vaults (0/5) D:14
 Depths (0/4) D:15         Bailey (visited)         Gauntlet (visited)

Altars:
Dithmenos
Elyvilon
Fedhas
Makhleb
Nemelex Xobeh
Qazlal
Ru
Trog
Wu Jian
Xom
Zin

Shops:
D:6 (:*[   D:11 *   Orc:1 =?[   Orc:2 *?![

Portals:
Hell: Lair:5
Trove: D:12 (give +3 shadow dragon scales)


Innate Abilities, Weirdness & Mutations

You are very small and have problems with some larger weapons.
You are too small for most types of armour.
You have supernaturally acute eyesight. (SInv)
You cover ground extremely quickly. (Speed+++)
You have large cloven feet.
Your mind is acute. (Int +4, Str/Dex -1)


Message History

The deep elf archer is severely wounded.
The deep elf archer is knocked back by the mystic blast.
The +5 vorpal trident is engulfed in freezing vapours.
The air elemental is engulfed in freezing vapours.
The deep elf knight is engulfed in freezing vapours.
The deep elf knight mumbles some strange words.
The deep elf knight flickers and vanishes for a moment.
You block the +5 vorpal trident's attack.
The +4 long sword of holy wrath is engulfed in freezing vapours.
The deep elf archer is engulfed in freezing vapours.
The deep elf archer unwields a +0 dagger.
The deep elf archer wields a +0 longbow.
The deep elf archer shoots an arrow.
The arrow misses the deep elf knight.
The arrow barely misses you.
The air elemental is engulfed in freezing vapours.
You block the air elemental's attack.
The deep elf zephyrmancer is engulfed in freezing vapours.
The deep elf knight gestures wildly while chanting.
The deep elf knight seems to speed up.
Casting: Iskenderun's Mystic Blast (mildly dangerous; 1% risk of failure)
Confirm with . or Enter, or press ? or * to list all spells.
You erupt in a blast of force!
The mystic blast hits the +5 vorpal trident but does no damage.
The +5 vorpal trident is moderately damaged.
The mystic blast hits the air elemental!
The air elemental is almost destroyed.
The air elemental is knocked back by the mystic blast.
The +5 vorpal trident is engulfed in freezing vapours.
The +5 vorpal trident hits you from afar!
The deep elf knight is engulfed in freezing vapours.
The deep elf knight wields a +0 shortbow.
The deep elf knight shoots an arrow.
The arrow hits you!
The +4 long sword of holy wrath is engulfed in freezing vapours.
The air elemental is engulfed in freezing vapours.
You destroy the air elemental!
Fedhas accepts your kill.
The deep elf knight gestures wildly while chanting.
The deep elf knight flickers and vanishes for a moment.
The deep elf archer is engulfed in freezing vapours.
The deep elf zephyrmancer is engulfed in freezing vapours.
You kill the deep elf zephyrmancer!
The +5 vorpal trident hits you from afar!
* * * LOW HITPOINT WARNING * * *
x2 A deep elf pyromancer comes into view.
It is wielding a +0 long sword.
The +4 long sword of holy wrath is engulfed in freezing vapours.
The deep elf knight is engulfed in freezing vapours.
You kill the deep elf knight!
The deep elf archer is engulfed in freezing vapours.
The deep elf archer shoots an arrow.
The arrow hits you!!
You die...

** **, *,, **+,
**# **,** **#§#**
**,***
**#.§§§,***,**
###$..§§§,,,+**
#@§§.....,,,,,*
#(§§.$...,,,,,*
#(§§§...e,,,,,*
#e§§§§...,,,,,****
#e§§§e...,,,,,+,,,
#.§§§§§§.,,,,,****
#.§§§§§§.,,,,,*
###§§§§§.,,,***
***,,,,,***


You could see 2 deep elf archers, a deep elf knight (fast, invisible), a deep
elf pyromancer and 2 dancing weapons.

Vanquished Creatures
  Bai Suzhen (Swamp:4)
  Jorgrun (Swamp:1)
  Mlioglotl (Swamp:1)
  Rupert (D:14)
  Frances (Spider:2)
  Kirke (Lair:3)
  Donald (Spider:1)
  A fenstrider witch (Swamp:3)
  11 emperor scorpions
  Louise (Swamp:1)
  2 ghost moths (Spider:4)
  A broodmother (Spider:3)
  6 eleionomae
  A deep elf annihilator (Elf:1)
  7 bunyips
  A minotaur (Gauntlet)
  A spark wasp (Spider:2)
  Josephine (D:12)
  The ghost of Ceduton the Alchemist, a journeyman FeSu of Gozag (Swamp:4)
  4 entropy weavers
  A fire dragon (D:10)
  A deep elf high priest (Elf:1)
  Fannar (Lair:3)
  Erolcha (D:9)
  4 ghost crabs
  A radroach (Spider:3)
  5 alligators
  22 hydras
  Erica (Lair:2)
  4 centaur warriors
  3 jorogumos
  3 catoblepae
  4 dancing weapons (Elf:1)
  A death knight (D:15)
  A spriggan skeleton (D:15)
  8 boulder beetles
  5 two-headed ogres
  3 tengu warriors
  3 death yaks
  An orc high priest (Orc:2)
  A vampire mage (D:15)
  Urug (D:14)
  Amaemon (D:11)
  2 deep elf knights
  5 pharaoh ants
  A sun moth (Spider:2)
  3 skeletal warriors (D:15)
  10 orb spiders
  10 swamp dragons
  7 goliath frogs
  3 spriggan druids
  A deep troll (D:10)
  2 death drakes
  Pikel (D:7)
  4 bog bodies
  7 steelbarb worms
  2 wizards
  A shadow dragon zombie (D:15)
  2 deep elf archers (Elf:1)
  2 necromancers
  2 phantasmal warriors
  9 deep elf pyromancers
  3 will-o-the-wisps
  13 deep elf zephyrmancers
  7 ugly things
  2 orc knights
  3 manticores
  15 wolf spiders
  4 orc sorcerers (Orc:2)
  A frost giant zombie (D:15)
  22 elephants
  A spectral centaur (Gauntlet)
  9 cyclopes
  7 moths of wrath
  6 black mambas
  2 ice statues (D:14)
  2 gargoyles (D:11)
  3 torpor snails
  6 cane toads
  A kobold demonologist (D:12)
  2 unseen horrors
  2 orange demons
  2 efreet
  9 demonic crawlers
  10 komodo dragons
  9 rime drakes
  3 hydra zombies (Swamp:4)
  6 hornets
  4 bloated husks (Swamp:2)
  2 polar bears
  14 tyrant leeches
  A queen bee (Lair:4)
  A hornet (shapeshifter) (D:15)
  9 meliai
  4 trolls
  7 dream sheep (Lair:5)
  22 tarantellas
  9 slime creatures
  11 jumping spiders
  20 blink frogs
  A spriggan zombie (D:15)
  An air elemental (Elf:2)
  18 culicivoras
  49 yaks
  2 vampires (D:9)
  9 spriggans
  9 wraiths
  5 wyverns
  14 humans
  4 basilisks
  A fire elemental (Elf:1)
  4 hogs (Lair:3)
  Grum (D:9)
  43 redbacks
  A steam dragon (D:10)
  25 vampire mosquitoes
  Menkaure (D:5)
  3 wargs
  14 swamp worms
  An acid dragon (D:10)
  Duvessa (D:7)
  A water moccasin (shapeshifter) (Gauntlet)
  3 hell hounds (Lair:5)
  A spectral hornet (Gauntlet)
  16 water moccasins
  7 swamp drakes
  20 orc warriors
  4 black bears
  3 ice beasts
  6 ogres
  14 centaurs
  15 wolves
  3 lemures (D:7)
  4 kobold brigands
  11 bullfrogs
  4 necrophages
  A gnoll sergeant (D:6)
  4 scorpions
  5 wights (D:10)
  Dowan (D:7)
  27 killer bees (Lair:4)
  9 howler monkeys
  2 electric eels
  5 small abominations (Gauntlet)
  6 hounds
  2 jellies
  22 orc priests
  Crazy Yiuf (D:7)
  7 hell rats (Lair:2)
  An iguana (D:6)
  A gnoll bouda (D:3)
  50 orc wizards
  17 gnolls
  6 adders
  10 river rats (Lair:2)
  A shadow imp (D:8)
  An ufetubus (D:4)
  3 worms
  A dart slug (D:3)
  The ghost of Ge0ff the Sneak, a weakling SpDe (D:5)
  86 orcs
  7 bats
  3 endoplasms
  2 giant cockroaches (D:1)
  10 hobgoblins
  2 jackals (D:1)
  3 quokkas
  8 ball pythons
  2 frilled lizards (D:2)
  11 goblins
  20 kobolds
  11 rats
  A spectral goblin (D:1)
  4 ballistomycete spores
1122 creatures vanquished.

Vanquished Creatures (collateral kills)
  the Lernaean hydra (Swamp:4)
  A spark wasp (Spider:4)
  A hell beast (Lair:5)
  A hydra (Lair:5)
  A centaur warrior (D:14)
  4 alligators (Swamp:1)
  2 orange demons (Lair:5)
  A smoke demon (Lair:5)
  An efreet (D:14)
  An ice devil (Lair:5)
  A bloated husk (Swamp:1)
  A red devil (Lair:5)
  2 humans (D:14)
  A vampire mosquito (D:10)
  A hell hound (Lair:5)
  91 ballistomycete spores
111 creatures vanquished.

Vanquished Creatures (others)
  2 shambling mangroves
  3 hydras
  An alligator (Swamp:1)
  A swamp dragon (Swamp:4)
  3 hornets (Swamp:4)
  An acid dragon (Gauntlet)
  A kobold (D:7)
  10 ballistomycete spores
  4 foxfires
  A fulminant prism (Spider:4)
  36 fungi
  58 plants
  A withered plant (D:15)
122 creatures vanquished.

Grand Total: 1355 creatures vanquished

Notes
Turn   | Place    | Note
-------+----------+-------------------------------------------
     0 | D:5      | Ge0ff the Spriggan Delver began the quest for the Orb.
     0 | D:5      | Reached XP level 1. HP: 11/11 MP: 2/2
     1 | D:6      | Found Jueluh's Armour Shop.
     7 | D:6      | Reached XP level 2. HP: 16/16 MP: 3/3
    12 | D:6      | Found Meikexka's General Store.
    44 | D:6      | Reached XP level 3. HP: 19/19 MP: 4/4
    77 | D:6      | Found Comu's Antique Weapon Emporium.
    97 | D:6      | Noticed a gnoll sergeant
    99 | D:5      | Noticed a necrophage
   115 | D:5      | Noticed Menkaure
   231 | D:5      | Noticed an ice beast
   325 | D:4      | Noticed a scorpion
   330 | D:4      | Killed a scorpion
   331 | D:4      | Reached skill level 5 in Short Blades
   331 | D:4      | Reached XP level 4. HP: 23/23 MP: 5/5
   518 | D:3      | Found a burning altar of Makhleb.
   521 | D:3      | Found a stormy altar of Qazlal.
   526 | D:3      | Found a blossoming altar of Fedhas.
   546 | D:3      | Became a worshipper of Fedhas Madash
   613 | D:3      | Identified the +9 quarterstaff of the Depths {flame, rElec
                  | rC- Str+2}
   864 | D:1      | Found a faded altar of an unknown god.
  1291 | D:1      | Reached XP level 5. HP: 28/28 MP: 6/6
  1497 | D:1      | Reached * piety under Fedhas
  1713 | D:1      | Reached skill level 1 in Throwing
  2199 | D:3      | Found a shadowy altar of Dithmenos.
  2367 | D:3      | Reached skill level 1 in Evocations
  2378 | D:3      | Found a bloodstained altar of Trog.
  2778 | D:4      | Reached XP level 6. HP: 30/32 MP: 5/7
  2887 | D:3      | Reached skill level 1 in Staves
  2887 | D:3      | Reached skill level 1 in Invocations
  2888 | D:3      | Reached ** piety under Fedhas
  3497 | D:5      | Reached XP level 7. HP: 31/37 MP: 8/8
  3684 | D:5      | Identified a scroll of acquirement
  3684 | D:5      | Acquired the ring "Miuco Omosch" {MP+9 Slay+3}
  4013 | D:5      | Reached XP level 8. HP: 42/42 MP: 10/10
  4061 | D:5      | Found a runed translucent door.
  4062 | D:5      | Noticed Ge0ff's ghost (weakling SpDe)
  4075 | D:5      | Killed Ge0ff's ghost
  4085 | D:5      | Found a runed translucent door.
  4677 | D:5      | Killed Menkaure
  4678 | D:5      | Reached skill level 5 in Dodging
  4711 | D:6      | Bought a +2 cloak for 247 gold pieces
  4766 | D:6      | Found a staircase to the Ecumenical Temple.
  4798 | D:6      | Reached skill level 5 in Fighting
  4799 | D:6      | Reached *** piety under Fedhas
  4840 | D:6      | Learned a level 4 spell: Petrify
  4882 | D:6      | Reached skill level 1 in Transmutations
  4912 | D:6      | Found Ironaesk's Book Emporium.
  5108 | D:5      | Reached skill level 1 in Spellcasting
  5169 | D:6      | Reached skill level 1 in Earth Magic
  5365 | D:7      | Reached skill level 2 in Transmutations
  5391 | D:7      | Noticed Pikel
  5421 | D:7      | Killed Pikel
  5422 | D:7      | Reached skill level 3 in Transmutations
  5422 | D:7      | Reached XP level 9. HP: 39/47 MP: 14/14
  5464 | D:6      | Bought a potion of curing for 33 gold pieces
  5547 | D:7      | Noticed Duvessa
  5556 | D:7      | Killed Duvessa
  5557 | D:7      | Noticed Dowan
  5623 | D:7      | Killed Dowan
  5635 | D:7      | Learned a level 5 spell: Irradiate
  5875 | D:7      | Reached skill level 4 in Transmutations
  5972 | D:7      | Reached skill level 1 in Conjurations
  5984 | D:7      | Reached skill level 5 in Transmutations
  5988 | D:7      | Reached skill level 5 in Invocations
  5992 | D:7      | Reached **** piety under Fedhas
  5999 | D:7      | Reached skill level 5 in Spellcasting
  5999 | D:7      | Reached XP level 10. HP: 35/53 MP: 16/18
  6350 | D:7      | Found a runed translucent door.
  6351 | D:7      | Noticed Crazy Yiuf
  6587 | D:7      | Killed Crazy Yiuf
  6867 | D:8      | Reached skill level 6 in Transmutations
  7118 | D:8      | Found an ornate altar of the Wu Jian Council.
  7522 | D:9      | Identified the ring of Rerruc {rF+ Will+ Slay+3 SInv}
  7572 | D:9      | Noticed Erolcha
  7582 | D:9      | Killed Erolcha
  7583 | D:9      | Reached skill level 7 in Transmutations
  8163 | D:9      | Noticed Grum
  8173 | D:9      | Killed Grum
  8720 | D:9      | Reached skill level 8 in Transmutations
  8730 | D:9      | Reached ***** piety under Fedhas
  8731 | D:9      | Found a shimmering altar of Xom.
  8733 | D:9      | Found a white marble altar of Elyvilon.
  8733 | D:9      | Found a glowing silver altar of Zin.
  8985 | D:10     | Entered Level 10 of the Dungeon
  8985 | D:10     | Found a sacrificial altar of Ru.
  8987 | D:10     | Noticed a two-headed ogre
  9003 | D:10     | Killed a two-headed ogre
  9033 | D:10     | Reached XP level 11. HP: 56/56 MP: 22/22
  9080 | D:10     | Found a flagged portal.
  9089 | D:10     | Reached skill level 9 in Transmutations
  9130 | Bailey   | Entered a bailey
  9245 | Bailey   | Noticed an orc knight
  9277 | Bailey   | Killed an orc knight
  9779 | D:10     | Noticed a two-headed ogre
  9816 | D:10     | Killed a two-headed ogre
 10042 | D:10     | Reached skill level 5 in Conjurations
 10203 | D:10     | Found the macabre finger necklace {rN+}
 10497 | D:10     | Found a runed translucent door.
 10497 | D:10     | Noticed a boulder beetle
 10499 | D:10     | Noticed a deep troll
 10503 | D:10     | Killed a boulder beetle
 10504 | D:10     | Reached skill level 5 in Earth Magic
 10518 | D:10     | Killed a deep troll
 10519 | D:10     | Reached skill level 10 in Transmutations
 10536 | D:10     | Noticed an orc knight
 10548 | D:10     | Killed an orc knight
 10570 | D:10     | Noticed a fire dragon
 10570 | D:10     | Noticed a necromancer
 10597 | D:10     | Killed a fire dragon
 10992 | D:10     | Killed a necromancer
 11159 | D:10     | Found a sacrificial altar of Ru.
 12462 | D:11     | Reached skill level 11 in Transmutations
 12500 | D:11     | Noticed Amaemon
 12520 | D:11     | Killed Amaemon
 12521 | D:11     | Reached XP level 12. HP: 61/61 MP: 19/25
 12609 | D:11     | Noticed a two-headed ogre
 13029 | D:11     | Noticed a two-headed ogre
 13188 | D:11     | Killed a two-headed ogre
 13563 | D:11     | Found Odghor's General Store.
 13579 | D:11     | Bought a potion of heal wounds for 90 gold pieces
 13579 | D:11     | Bought 5 atropa-tipped darts for 54 gold pieces
 13579 | D:11     | Bought a scroll of identify for 36 gold pieces
 13579 | D:11     | Bought a scroll of identify for 36 gold pieces
 13761 | D:11     | Killed a two-headed ogre
 13864 | D:11     | Found a staircase to the Lair.
 13980 | D:11     | Reached skill level 12 in Transmutations
 14356 | D:11     | Found Odghor's General Store.
 14412 | D:11     | Found a staircase to the Lair.
 14979 | D:6      | Bought a book of Burglary for 240 gold pieces
 14982 | D:6      | Learned a level 2 spell: Passwall
 14985 | D:6      | Learned a level 2 spell: Ensorcelled Hibernation
 14990 | D:6      | Learned a level 4 spell: Fulminant Prism
 14994 | D:6      | Learned a level 3 spell: Stone Arrow
 15187 | Lair:1   | Entered Level 1 of the Lair of Beasts
 15199 | Lair:1   | Reached ****** piety under Fedhas
 15200 | Lair:1   | Reached skill level 1 in Hexes
 15271 | Lair:1   | Reached skill level 1 in Ice Magic
 15927 | Lair:1   | Noticed a catoblepas
 15968 | Lair:1   | Killed a catoblepas
 16781 | Lair:2   | Noticed Erica
 16810 | Lair:2   | Killed Erica
 16815 | Lair:2   | Reached XP level 13. HP: 42/65 MP: 15/27
 17778 | Lair:3   | Found a hole to the Spider Nest.
 17818 | Lair:3   | Found a staircase to the Swamp.
 17956 | Lair:3   | Noticed Kirke
 17978 | Lair:3   | Noticed a sphinx
 17979 | Lair:3   | Killed Kirke
 18144 | Lair:3   | Noticed Fannar
 18922 | Lair:3   | Killed Fannar
 18923 | Lair:3   | Reached skill level 10 in Spellcasting
 18980 | Lair:4   | Reached skill level 5 in Hexes
 19306 | Lair:4   | Reached skill level 13 in Transmutations
 19554 | Lair:4   | Reached skill level 1 in Shields
 21161 | Lair:4   | Reached XP level 14. HP: 57/70 MP: 18/29
 22909 | Lair:5   | Entered Level 5 of the Lair of Beasts
 23198 | Lair:5   | Reached skill level 5 in Ice Magic
 23456 | Lair:5   | Reached skill level 1 in Armour
 23940 | Lair:5   | Found a staircase to the Slime Pits.
 24945 | Lair:5   | Found a burning altar of Makhleb.
 25106 | Lair:5   | Found a gateway to Hell.
 25144 | Lair:5   | Learned a level 2 spell: Blink
 25312 | D:12     | Noticed Josephine
 25312 | D:12     | Found a portal to a secret trove of treasure.
 25321 | D:12     | Killed Josephine
 25539 | D:12     | Found a staircase to the Orcish Mines.
 25938 | D:12     | Reached skill level 1 in Translocations
 27130 | D:13     | Reached XP level 15. HP: 74/74 MP: 25/31
 27383 | D:13     | Reached skill level 14 in Transmutations
 27664 | D:14     | Noticed Rupert
 27664 | D:14     | Noticed Urug
 27664 | D:14     | Found a gate to the Vaults.
 27780 | D:14     | Found a gate leading to a gauntlet.
 27791 | Gauntlet | Entered a Gauntlet
 27791 | Gauntlet | Found a transporter.
 27791 | Gauntlet | Found a transporter.
 27791 | Gauntlet | Found a transporter.
 27856 | Gauntlet | Found a transporter.
 27858 | Gauntlet | Found a transporter.
 27860 | Gauntlet | Found a transporter.
 27867 | Gauntlet | Found a transporter.
 27869 | Gauntlet | Found a transporter.
 27869 | Gauntlet | Found a transporter.
 27871 | Gauntlet | Found a transporter.
 27879 | Gauntlet | Found a transporter.
 27879 | Gauntlet | Found a transporter.
 28413 | Gauntlet | Identified the +2 pair of gloves of the Untouchables {Int-3
                  | Dex+5 Stlth+}
 28440 | Gauntlet | Got the Tome of Voltaic Venom
 28453 | Gauntlet | Got the Spellbook of the Fey Ground
 28675 | Gauntlet | Identified the ring "Reyss" {rPois rN+ rCorr Str-5 SInv}
 29010 | D:14     | Learned a level 3 spell: Dazzling Flash
 29015 | D:14     | Learned a level 4 spell: Iskenderun's Mystic Blast
 29185 | D:14     | Killed Urug
 29440 | D:14     | Reached skill level 5 in Evocations
 30207 | D:14     | Killed Rupert
 30319 | D:14     | Gained mutation: You occasionally lose the ability to drink
                  | potions when taking damage. [mutagenic glow]
 31139 | D:14     | Found a gate to the Vaults.
 31504 | D:15     | Entered Level 15 of the Dungeon
 31815 | D:15     | Reached skill level 10 in Stealth
 31996 | D:15     | Found a staircase to the Depths.
 32023 | D:15     | Reached skill level 5 in Throwing
 32873 | D:15     | Reached skill level 10 in Short Blades
 33392 | D:15     | Found a sparkling altar of Nemelex Xobeh.
 33701 | Spider:1 | Entered Level 1 of the Spider Nest
 33733 | Spider:1 | Noticed Donald
 33851 | Spider:1 | Killed Donald
 34269 | Spider:1 | Reached XP level 16. HP: 80/80 MP: 32/32
 35932 | Spider:1 | Lost mutation: You occasionally lose the ability to drink
                  | potions when taking damage. [potion of mutation]
 35932 | Spider:1 | Gained mutation: You do not regenerate when monsters are
                  | visible. [potion of mutation]
 35932 | Spider:1 | Gained mutation: You are frail. (-10% HP) [potion of
                  | mutation]
 35932 | Spider:1 | Gained mutation: You possess an exceptional clarity of
                  | mind. [potion of mutation]
 35933 | Spider:1 | Lost mutation: You possess an exceptional clarity of mind.
                  | [potion of mutation]
 35933 | Spider:1 | Lost mutation: You are frail. (-10% HP) [potion of
                  | mutation]
 35933 | Spider:1 | Lost mutation: You do not regenerate when monsters are
                  | visible. [potion of mutation]
 35933 | Spider:1 | Gained mutation: You have large cloven feet. [potion of
                  | mutation]
 35933 | Spider:1 | Gained mutation: Your mind is acute. (Int +4, Str/Dex -1)
                  | [potion of mutation]
 36114 | Spider:2 | Noticed Frances
 36123 | Spider:2 | Killed Frances
 36264 | Spider:2 | Learned a level 7 spell: Enfeeble
 36460 | Spider:2 | Reached skill level 5 in Translocations
 38817 | Spider:4 | Entered Level 4 of the Spider Nest
 39483 | Spider:4 | Reached skill level 15 in Transmutations
 39649 | Spider:4 | Upgraded the game from 0.30-a0-331-g8ab09dc110 to
                  | 0.30-a0-335-ge5acde7520
 39767 | Spider:4 | Reached skill level 5 in Shields
 40006 | Spider:4 | Reached skill level 10 in Dodging
 40675 | Spider:4 | Reached XP level 17. HP: 69/85 MP: 34/34
 41466 | Spider:4 | Identified the +1 hat "Ywaivata" {Str+3}
 41500 | Spider:4 | Got a gossamer rune of Zot
 41656 | Swamp:1  | Entered Level 1 of the Swamp
 41659 | Swamp:1  | You fall into a shaft and drop 1 floor!
 41975 | Swamp:1  | Noticed Louise
 41982 | Swamp:1  | Noticed Jorgrun
 41990 | Swamp:1  | Killed Jorgrun
 42231 | Swamp:1  | Noticed Mlioglotl
 42252 | Swamp:1  | Killed Mlioglotl
 42275 | Swamp:1  | Killed Louise
 44914 | Swamp:3  | Reached skill level 10 in Earth Magic
 46330 | Swamp:4  | Entered Level 4 of the Swamp
 46631 | Swamp:4  | Reached XP level 18. HP: 87/90 MP: 25/35
 46820 | Swamp:4  | Noticed the 27-headed Lernaean hydra
 46822 | Swamp:4  | Killed the 27-headed Lernaean hydra
 47162 | Swamp:4  | Reached skill level 5 in Armour
 47260 | Swamp:4  | Noticed Bai Suzhen
 47295 | Swamp:4  | Killed Bai Suzhen
 47637 | Swamp:4  | Found a transporter.
 47648 | Swamp:4  | Noticed Ceduton's ghost (journeyman FeSu)
 47652 | Swamp:4  | Found a transporter.
 47729 | Swamp:4  | Got a decaying rune of Zot
 47888 | Swamp:4  | Identified the +5 ring mail "Ysoxiew" {rF+ Str+2 SInv}
 48198 | Swamp:4  | Got the Folio of Reanimation Made Easy
 48266 | Swamp:4  | Killed Ceduton's ghost
 48267 | Swamp:4  | Reached skill level 10 in Hexes
 48272 | Swamp:4  | Identified the +1 plate armour of the Shore {rElec Will+
                  | rCorr Int-2}
 48386 | Swamp:4  | Identified the amulet "Ubud Fay" {Faith Int+4 Dex+2}
 48391 | Swamp:4  | Identified the +8 hand axe of Welfare {holy, rElec rC+
                  | Str+2}
 48644 | Orc:1    | Entered Level 1 of the Orcish Mines
 48644 | Orc:1    | Found Huicawk's Antique Armour Shop.
 48772 | Orc:2    | Entered Level 2 of the Orcish Mines
 49037 | Orc:1    | Found Soita's Jewellery Shop.
 49193 | Orc:1    | Found Punwosij's Magic Scroll Boutique.
 49205 | Orc:1    | Bought a scroll of fog for 60 gold pieces
 50275 | Orc:2    | Found Esioll's Magic Scroll Boutique.
 50275 | Orc:2    | Found Dehoicae's Antique Armour Shop.
 50275 | Orc:2    | Found Caesch's Distillery.
 50279 | Orc:2    | Found a staircase to the Elven Halls.
 50502 | Orc:2    | Found Rycaz's General Store.
 50509 | Orc:2    | Bought a potion of heal wounds for 80 gold pieces
 50509 | Orc:2    | Bought a potion of invisibility for 128 gold pieces
 50509 | Orc:2    | Bought a potion of magic for 128 gold pieces
 50510 | Orc:2    | Bought a runed robe for 136 gold pieces
 50511 | Orc:2    | Bought a scroll of teleportation for 45 gold pieces
 50511 | Orc:2    | Bought a scroll of teleportation for 45 gold pieces
 50511 | Orc:2    | Bought a scroll of poison for 60 gold pieces
 50512 | Orc:2    | Bought a potion of invisibility for 120 gold pieces
 50512 | Orc:2    | Bought a wand of charming (5) for 180 gold pieces
 51027 | Orc:2    | Found a staircase to the Elven Halls.
 51085 | Orc:2    | Found Esioll's Magic Scroll Boutique.
 51085 | Orc:2    | Found Dehoicae's Antique Armour Shop.
 51086 | Orc:2    | Found Caesch's Distillery.
 51091 | Orc:2    | Found Rycaz's General Store.
 51321 | Elf:1    | Entered Level 1 of the Elven Halls
 51613 | Elf:1    | Learned a level 1 spell: Apportation
 53542 | Elf:2    | Paralysed by an air elemental for 1 turns
 53547 | Elf:2    | Shot with an arrow by a deep elf archer

Illustrated notes

Levels and vault maps discovered:
D:1:      tarquinn_simple_flora_water_e, layout_basic,
          dreamdust_ecumenical_altar_drowned_temple, serial_bayou_pond_e
D:2:      layout_rooms
D:3:      layout_rooms, nicolae_dithmenos_shadow_blocks, minitemple,
          lemuel_coloured_pillars_altar, chequers_serial_rivers_micro_a,
          minmay_surrounded
D:4:      layout_basic, hex_large
D:5:      layout_basic, ebering_ghost_sewer_f, uniq_menkaure
D:6:      layout_cave_pools, minmay_temple_entry_from_below_a, serial_shops,
          nicolae_stop_n_shop_1, nicolae_take_the_stairs,
          nicolae_inconvenience_store, kennysheep_mini, grunt_ministairs_10,
          nicolae_concentric_dashed_squares_mild
D:7:      layout_basic, chequers_big_river, minmay_misc_feat_iff,
          uniq_crazy_yiuf_cottage, uniq_duvessa, uniq_pikel
D:8:      layout_rooms, pdpol_wu_jian_five_deadly_venoms, minivault_21
D:9:      minmay_general_purpose_star, layout_basic,
          chequers_temple_overflow_statue_of_worship, uniq_grum, uniq_erolcha
D:10:     layout_loops_corners, nicolae_ru_awakened_eye, enter_bailey_5,
          minivault_13
D:11:     minmay_polygon_palace, layout_gridville, lair_entry_dummy,
          serial_shops, nicolae_shop_window_shopping, uniq_amaemon
D:12:     layout_loops_ring, erik_orc_3, enter_trove_1, serial_rivers,
          chequers_serial_rivers_small_3, chequers_serial_rivers_room_b,
          chequers_serial_rivers_large_b, chequers_serial_rivers_small_a,
          uniq_josephine
D:13:     layout_rooms
D:14:     layout_grid_maze, david_vaults_3,
          portal_ice_cave_entry_ice_statue_two, gauntlet_entry_generic
D:15:     gammafunk_depths_entry_grave, layout_gridville, minmay_misc_feat_room,
          nemelex_diamond_rough_becter
Lair:1:   layout_long_grid
Lair:2:   layout_cave_pods, kennysheep_rathole, uniq_erica
Lair:3:   layout_cellular_growth, skrybe_swamp_entry_bodies, dummy_spider_entry,
          uniq_fannar, uniq_kirke
Lair:4:   regret_index_tunnel_blossom, layout_cellular_growth
Lair:5:   evil_forest, layout_hall_layers, slime_entry_1
Swamp:1:  layout_basic_swamp, evilmike_swamp_ruin_house_4, uniq_jorgrun,
          uniq_mlioglotl, uniq_louise
Swamp:2:  nicolae_swamp_husk_halls, layout_basic_swamp,
          evilmike_swamp_ruin_house_5, swamp_pool1,
          nicolae_swamp_feature_on_the_river_bank
Swamp:3:  nicolae_swamp_tree_isthmus, layout_falls_marsh,
          nicolae_swamp_bean_lake, swamp_pool1, infiniplex_staircase_pool
Swamp:4:  swamp_alternative, layout_basic_swamp,
          gammafunk_ghost_berserking_beasts,
          nicolae_swamp_necromancy_gone_wrong, uniq_bai_suzhen
Spider:1: layout_chambers, nicolae_spider_spiderdrome, uniq_donald
Spider:2: layout_spider_delve, uniq_frances
Spider:3: layout_chambers
Spider:4: grunt_spider_rune_circles
Orc:1:    layout_diamond_mine, basic_altar, serial_shops,
          nicolae_shop_waterfront, shop, shop, mines_bat_river
Orc:2:    st_orc_mages, layout_diamond_mine
Elf:1:    layout_gridlike, hangedman_elf_represent, columned_hall_lemuel
Elf:2:    nicolae_elf_blades_crystal_corner, layout_geoelf_octagon,
          serial_shops, freezing_bzr

Skill      XL: |  1  2  3  4  5  6  7  8  9 10 11 12 13 14 15 16 17 18 |
---------------+-------------------------------------------------------+-----
Short Blades   | 3 4 5 6 7 9 10 11 | 11.5
Fighting       | 3 4 5 6 7 8 |  8.5
Dodging        | 3 4 6 7 8 9 10 11 | 11.4
Throwing       | 1 2 3 4 5 6 |  6.0
Evocations     | 1 2 4 5 7 8 9 |  9.0
Staves         | 2 3 |  3.0
Invocations    | 1 2 4 5 6 7 8 |  8.3
Stealth        | 8 9 10 11 12 13 | 13.4
Transmutations | 3 5 8 11 12 13 14 15 | 15.0
Spellcasting   | 3 5 6 8 9 10 11 12 13 | 13.1
Earth Magic    | 2 3 4 5 6 7 8 9 10 | 10.0
Conjurations   | 2 4 6 7 8 9 |  9.4
Hexes          | 3 6 7 8 9 10 | 10.2
Ice Magic      | 2 4 5 |  5.0
Shields        | 1 2 4 5 6 7 |  7.1
Armour         | 2 3 4 5 |  5.3
Translocations | 1 4 6 8 9 |  9.3

Action                   |  1- 3 |  4- 6 |  7- 9 | 10-12 | 13-15 | 16-18 || total
-------------------------+-------+-------+-------+-------+-------+-------++-------
Melee: Short sword       |    16 |    24 |       |       |       |       ||    40
       Quarterstaff      |       |   110 |   154 |   349 |    34 |       ||   647
       Dagger            |       |       |       |    80 |    78 |       ||   158
       Rapier            |       |       |       |       |   433 |   258 ||   691
       Kick              |       |       |       |       |       |    78 ||    78
Throw: Dart              |       |     2 |    18 |    27 |    53 |     2 ||   102
       Throwing net      |       |       |       |     1 |       |     1 ||     2
       Boomerang         |       |       |       |       |    84 |       ||    84
 Cast: Petrify           |       |       |       |    52 |    84 |    54 ||   190
       Irradiate         |       |       |       |    24 |   177 |   175 ||   376
       Passwall          |       |       |       |     2 |    13 |    15 ||    30
       Ensorcelled Hiber |       |       |       |       |    31 |    51 ||    82
       Stone Arrow       |       |       |       |       |    12 |   361 ||   373
       Blink             |       |       |       |       |     1 |     2 ||     3
       Iskenderun's Myst |       |       |       |       |       |    16 ||    16
       Fulminant Prism   |       |       |       |       |       |     1 ||     1
Invok: Grow Ballistomyce |       |       |       |     1 |    12 |     5 ||    18
       Overgrow          |       |       |       |       |     2 |     1 ||     3
Evoke: Wand              |       |     1 |       |     1 |     3 |    21 ||    26
       Condenser vane    |       |       |       |     2 |     4 |     8 ||    14
       Phantom mirror    |       |       |       |       |     1 |     1 ||     2
       Lightning rod     |       |       |       |       |       |    20 ||    20
       Tin of tremorston |       |       |       |       |       |     7 ||     7
  Use: Scroll            |     2 |     2 |     5 |    22 |    11 |     9 ||    51
       Potion            |       |       |       |     7 |    11 |     8 ||    26
 Stab: Sleeping          |     4 |    22 |    10 |    22 |    46 |    52 ||   156
       Distracted        |       |     2 |       |       |     1 |     2 ||     5
       Petrified         |       |       |       |    46 |    47 |    26 ||   119
       Held in net/web   |       |       |       |     2 |       |     1 ||     3
       Petrifying        |       |       |       |     1 |     3 |     2 ||     6
       Confused          |       |       |       |     3 |     7 |     3 ||    13
       Invisible         |       |       |       |       |       |     8 ||     8
Armor: Robe              |     1 |     6 |    11 |    42 |    67 |    42 ||   169
Dodge: Dodged            |    18 |    67 |   143 |   386 |   527 |   395 ||  1536
Block: Buckler           |       |       |       |       |   303 |   261 ||   564
       Reflection        |       |       |       |       |    17 |    11 ||    28

Table legend: (Time is in decaauts)
 A = Elapsed time spent in this place.
 B = Non-inter-level travel time spent in this place.
 C = Inter-level travel time spent in this place.
 D = Time resting spent in this place.
 E = Time spent auto-exploring this place.
 F = Levels seen in this place.
 G = Mean time per level.
                   A        B        C        D        E       F      G
               +--------+--------+--------+--------+--------+-----+--------+
         Total |  41756 |  40162 |   1594 |   3792 |  28986 |  34 | 1228.1 |
       Dungeon |  16448 |  15519 |    929 |   1174 |  11046 |  15 | 1096.5 |
          Lair |   8182 |   7855 |    327 |    159 |   6358 |   5 | 1636.4 |
         Swamp |   5949 |   5771 |    178 |   1085 |   3764 |   4 | 1487.2 |
   Spider Nest |   6420 |   6319 |    101 |   1229 |   3980 |   4 | 1605.0 |
  Orcish Mines |   2102 |   2061 |     41 |    126 |   1670 |   2 | 1051.0 |
   Elven Halls |   1578 |   1563 |     15 |      0 |   1415 |   2 |  789.0 |
        Bailey |    336 |    336 |      0 |      0 |    245 |   1 |  336.0 |
      Gauntlet |    737 |    737 |      0 |     17 |    506 |   1 |  737.0 |
               +--------+--------+--------+--------+--------+-----+--------+

Top non-repeatable levels by time:
  Lair:4: 3174 daAuts
    D:14: 2337 daAuts
Spider:4: 2138 daAuts
    D:10: 2092 daAuts
    D:11: 2013 daAuts
 Swamp:4: 1913 daAuts
Spider:1: 1847 daAuts
Spider:3: 1768 daAuts
   Elf:1: 1572 daAuts
  Lair:5: 1559 daAuts
    D:15: 1444 daAuts
 Swamp:1: 1378 daAuts
 Swamp:3: 1347 daAuts
   Orc:2: 1313 daAuts
 Swamp:2: 1310 daAuts
